 Dungeon Crawl Stone Soup version 0.18-a0-1060-g4fac74f (webtiles) character file.

135 gorblad the Skirmisher (level 4, -2/42 HPs)
             Began as a Centaur Gladiator on Jan 13, 2016.
             Was an Initiate of Cheibriados.
             Slain by an orc
             ... wielding a +0 falchion
              (4 damage)
             ... on level 3 of the Dungeon.
             The game lasted 00:06:04 (2563 turns).

gorblad the Skirmisher (Centaur Gladiator)          Turns: 2563, Time: 00:06:04

Health: -2/42      AC:  6    Str: 20    XL:     4   Next: 97%
Magic:  4/4        EV:  9    Int:  8    God:    Cheibriados [......]
Gold:   125        SH:  0    Dex: 10    Spells: 0 memorised, 3 levels left

rFire  . . .     SeeInvis .     a - +0 trident
rCold  . . .     Gourm    .     p - +0 ring mail
rNeg   . . .     Faith    .     (no shield)
rPois  .         Spirit   .     c - +0 helmet
rElec  .         Dismiss  .     (no cloak)
rCorr  .         Reflect  .     (no gloves)
SustAt .         Harm     .     (no barding)
MR     .....                    (no amulet)
Stlth  ..........               (no ring)
                                (no ring)

@: not resistant to hostile enchantments, extremely unstealthy
A: hooves 3, deformed body, speed 2, tough skin 3
a: Bend Time, Renounce Religion


You were on level 3 of the Dungeon.
You worshipped Cheibriados.
Cheibriados was noncommittal.
You were hungry.

You visited 1 branch of the dungeon, and saw 3 of its levels.

You collected 125 gold pieces.

Inventory:

Hand Weapons
 a - a +0 trident (weapon)
Missiles
 d - 3 throwing nets (quivered)
Armour
 b - a +0 leather armour
 c - a +0 helmet (worn)
 p - a +0 ring mail (worn)
Scrolls
 g - a scroll of remove curse
 o - a scroll of identify
Comestibles
 f - 2 bread rations
 h - 2 meat rations


   Skills:
 + Level 5.2 Fighting
 - Level 2.6 Polearms
 - Level 2.1 Throwing
 - Level 2.1 Dodging


You had 3 spell levels left.
You didn't know any spells.

Dungeon Overview and Level Annotations

Branches:
Dungeon (3/15)

Altars:
Cheibriados
Ru
Trog
Yredelemnul
Zin


Innate Abilities, Weirdness & Mutations

You have hooves in place of feet.
Armour fits poorly on your strangely shaped body.
You cover ground very quickly.
You have extremely tough skin (AC +3).


Message History

* * * LOW HITPOINT WARNING * * *
You barely miss the orc priest.
The orc priest is almost dead.
The orc hits you with a hand axe.
* * * LOW HITPOINT WARNING * * *
The orc priest hits you with a mace.
* * * LOW HITPOINT WARNING * * *
You hit the orc priest.
You kill the orc priest!
Your Fighting skill increases to level 5!
The orc hits you but does no damage.
You puncture the orc!
You kill the orc!
The orc hits you but does no damage.
You hit the orc. You kick the orc, but do no damage.
The orc is almost dead.
The orc hits you with a hand axe.
* * * LOW HITPOINT WARNING * * *
The orc hits you with a falchion.
You die...

...g ... ..#
...#####..###$#
..w............
####w#####+###
#...g..#.....#
##.##o#.#.....#
#....@og......#
#...[...#((...#
#....#..#.....#
##.#...(#.....###
#.#.##.#..(....#
# #+ #.#.......#
..##......#
.....####
....###......#
........# ....#
#......#


You could see a worm, 2 orcs, a hobgoblin and a goblin.

Vanquished Creatures
  An orc priest (D:3)
  3 adders
  4 gnolls (D:3)
  A worm (D:2)
  A giant gecko (D:2)
  An orc (D:3)
  3 giant cockroaches (D:2)
  3 goblins
  3 hobgoblins
  2 jackals (D:1)
  2 quokkas
  5 bats
  3 giant newts
  4 kobolds
  7 rats
43 creatures vanquished.

Notes
Turn   | Place    | Note
--------------------------------------------------------------
     0 | D:1      | gorblad the Centaur Gladiator began the quest for the Orb.
     0 | D:1      | Reached XP level 1. HP: 17/17 MP: 1/1
   580 | D:1      | Reached XP level 2. HP: 25/25 MP: 2/2
   828 | D:2      | Reached skill level 3 in Fighting
  1151 | D:2      | Found a bloodstained altar of Trog.
  1207 | D:2      | Found a sacrificial altar of Ru.
  1288 | D:2      | Reached XP level 3. HP: 13/33 MP: 3/3
  1630 | D:2      | Found a glowing silver altar of Zin.
  1807 | D:2      | Found a basalt altar of Yredelemnul.
  1822 | D:2      | Found a snail-covered altar of Cheibriados.
  1862 | D:2      | Became a worshipper of Cheibriados the Contemplative
  1886 | D:2      | Reached skill level 4 in Fighting
  2217 | D:3      | Reached XP level 4. HP: 19/41 MP: 0/4
  2561 | D:3      | Reached skill level 5 in Fighting
  2563 | D:3      | HP: 2/42 [orc/hand axe (1)]
  2563 | D:3      | Slain by an orc

Vault maps used:
D:1:      dpeg_arrival_rhombi, kennysheep_nondescript, minmay_misc_feat_iff
D:2:      nicolae_overflow_crystal_walls, cheibriados_altar_1,
          lemuel_coloured_pillars_altar, lemuel_doored_altar, marbit_many_paths,
          kennysheep_boxes
D:3:      ecumenical_altar_2, uniq_crazy_yiuf_cottage

Action                   |  1- 3 |  4- 6 || total
-------------------------+-------+-------++-------
Melee: Trident           |   129 |    31 ||   160
Invok: Bend Time         |     1 |       ||     1
  Use: Scroll            |     5 |     1 ||     6
       Potion            |     1 |     6 ||     7
  Eat: Chunk             |     3 |     1 ||     4
